 Dungeon Crawl Stone Soup version 0.23.2 (webtiles) character file.

Game seed: 8847914111488757773

4166 Fang the Fighter (level 10, 0/65 HPs)
             Began as a Gargoyle Berserker on Apr 8, 2019.
             Was a High Priest of Trog.
             Slain by a porcupine (2 damage)
             ... on level 11 of the Dungeon.
             The game lasted 00:07:26 (6486 turns).

Fang the Fighter (Gargoyle Berserker)               Turns: 6486, Time: 00:07:27

Health: 0/65       AC: 23    Str: 25    XL:     10   Next: 28%
Magic:  10/10      EV: 11    Int:  7    God:    Trog [*****.]
Gold:   266        SH:  0    Dex:  9    Spells: 9/9 levels left

rFire    . . .     SeeInvis .   a - +1 war axe
rCold    . . .     Gourm    .   (no shield)
rNeg     + . .     Faith    .   b - +0 chain mail
rPois    ∞         Spirit   .   (no helmet)
rElec    +         Reflect  .   j - +2 cloak
rCorr    .         Harm     .   (no gloves)
MR       +....                  d - +1 pair of boots
Stlth    ..........             (no amulet)
HPRegen  0.20/turn              t - ring of protection from magic
MPRegen  0.12/turn              (no ring)

@: no status effects
A: negative energy resistance 1, electricity resistance, unbreathing,
petrification resistance, rot immunity, AC +7
a: Berserk, Trog's Hand, Brothers in Arms, Renounce Religion


You were on level 11 of the Dungeon.
You worshipped Trog.
Trog was extremely pleased with you.
You were very hungry.

You visited 2 branches of the dungeon, and saw 10 of its levels.
You also visited: Sewer.

You collected 266 gold pieces.

Inventory:

Hand Weapons
 a - a +1 war axe (weapon)
Armour
 b - a +0 chain mail (worn)
 d - a +1 pair of boots (worn)
 j - a +2 cloak (worn)
Jewellery
 t - a ring of protection from magic (left hand)
Wands
 l - a wand of digging (1)
 q - a wand of flame (10)
Scrolls
 e - 3 scrolls of teleportation
 g - a scroll of fog
 h - a scroll of blinking {unknown}
 r - a scroll of magic mapping
 u - a scroll of immolation {unknown}
 x - a scroll of fear
 y - a scroll of remove curse
 A - a scroll of identify
Potions
 f - 2 potions of brilliance
 i - 2 potions of degeneration {unknown}
 k - 2 potions of mutation {unknown}
 m - 2 potions of agility {unknown}
 n - a potion of curing
 o - 3 potions of might
 p - a potion of invisibility
 s - a potion of magic {unknown}
 v - a potion of ambrosia {unknown}
 w - a potion of flight {unknown}
 z - a potion of haste {unknown}
Comestibles
 c - 15 rations
 B - 15 chunks of flesh


   Skills:
 + Level 8.7 Fighting
 + Level 7.3 Axes
 + Level 8.3 Armour
 + Level 6.3 Dodging


You had 9 spell levels left.
You didn't know any spells.
Your spell library was empty.

Dungeon Overview and Level Annotations

Branches:
Dungeon (8/15)             Temple (1/1) D:6
   Lair: D:8-11

Altars:
Ashenzari
Dithmenos
Gozag
Hepliaklqana
Nemelex Xobeh
Okawaru
Ru
Sif Muna
Trog
Yredelemnul


Innate Abilities, Weirdness & Mutations

You are resistant to torment.
Your stone body is resilient. (AC +7)
You are immune to poison.
You resist negative energy. (rN+)
You are resistant to electric shocks. (rElec)
You can survive without breathing.
You are immune to petrification.
You are immune to rotting.


Message History

You hit the porcupine but do no damage.
The porcupine is heavily wounded.
You hit something but do no damage. Something hits you.
* * * LOW HITPOINT WARNING * * *
The porcupine bites you but does no damage.
You hit the porcupine.
The porcupine is severely wounded.
Something hits you.
* * * LOW HITPOINT WARNING * * *
The porcupine barely misses you.
You closely miss the porcupine.
The porcupine is severely wounded.
You hit something but do no damage. Something hits you but does no damage.
Something hits you.
* * * LOW HITPOINT WARNING * * *
The porcupine bites you but does no damage. x2
You barely miss the porcupine.
The porcupine is severely wounded.
The porcupine bites you.
You die...

#.# #.# #. #.# ..
#.###. #.##..
####.##.######.
#....##........
#...###.##†.......
#. #...@r......
#...(#######
#....##.#
.........#
#####(##.# #.##.#
#.##.# #.#..#


You could see a porcupine.

Vanquished Creatures
  Pikel (D:6)
  4 porcupines (D:11)
  2 slaves (D:6)
  2 orc warriors (D:6)
  2 sky beasts (D:7)
  2 phantoms
  Purgy (Sewer)
  3 ice beasts
  3 ogres
  5 centaurs
  A crocodile (D:11)
  4 bullfrogs
  2 scorpions
  A centaur zombie (D:7)
  2 howler monkeys (D:7)
  4 crimson imps
  3 jellies (D:7)
  A hound (D:7)
  A bullfrog skeleton (D:7)
  3 orc priests
  A gnoll shaman (D:5)
  6 orc wizards
  An iguana (D:7)
  2 worker ants
  A hound skeleton (D:6)
  11 gnolls
  11 adders
  2 shadow imps (D:5)
  2 oozes
  An adder skeleton (D:5)
  A worm (D:3)
  4 dart slugs
  4 leopard geckos
  21 orcs
  10 bats
  5 giant cockroaches
  12 goblins
  5 hobgoblins
  6 jackals
  12 kobolds
  4 quokkas
  4 ball pythons
  5 frilled lizards
  7 rats
  A plant (D:11)
186 creatures vanquished.

Vanquished Creatures (collateral kills)
  An ugly thing (D:11)
1 creature vanquished.

Vanquished Creatures (others)
  A howler monkey (D:6)
  A worker ant (D:6)
  A shadow imp (D:6)
  A plant (D:11)
4 creatures vanquished.

Grand Total: 191 creatures vanquished

Notes
Turn   | Place    | Note
-------+----------+-------------------------------------------
     0 | D:1      | Fang the Gargoyle Berserker began the quest for the Orb.
     0 | D:1      | Reached XP level 1. HP: 14/14 MP: 1/1
    52 | D:1      | Reached XP level 2. HP: 19/19 MP: 2/2
   127 | D:1      | Reached XP level 3. HP: 13/23 MP: 3/3
   582 | D:1      | Reached ** piety under Trog
   896 | D:2      | Reached XP level 4. HP: 26/29 MP: 4/4
  1610 | D:2      | Found a deep blue altar of Sif Muna.
  1921 | D:3      | Found a basalt altar of Yredelemnul.
  1937 | D:3      | Reached XP level 5. HP: 31/33 MP: 5/5
  2244 | D:3      | Reached XP level 6. HP: 21/39 MP: 6/6
  2594 | D:4      | Noticed a phantom
  2732 | D:4      | Killed a phantom
  2797 | D:4      | Reached *** piety under Trog
  2797 | D:4      | Reached skill level 5 in Fighting
  3160 | D:5      | Entered Level 5 of the Dungeon
  3230 | D:5      | Reached XP level 7. HP: 41/44 MP: 7/7
  3433 | D:5      | Reached skill level 5 in Armour
  3556 | D:5      | Reached XP level 8. HP: 25/51 MP: 8/8
  4231 | D:6      | Reached skill level 5 in Axes
  4264 | D:6      | Found a staircase to the Ecumenical Temple.
  4287 | D:6      | Noticed Pikel
  4305 | D:6      | Killed Pikel
  4324 | Temple   | Entered the Ecumenical Temple
  4478 | D:6      | Reached XP level 9. HP: 39/56 MP: 9/9
  4579 | D:6      | Reached skill level 5 in Dodging
  4870 | D:6      | Found a glowing drain.
  4874 | Sewer    | Entered a sewer
  4950 | Sewer    | Reached **** piety under Trog
  4972 | Sewer    | Noticed Purgy
  4985 | Sewer    | Killed Purgy
  6153 | D:7      | Found a hazy altar of Hepliaklqana.
  6177 | D:7      | Found an iron altar of Okawaru.
  6178 | D:7      | Found a sparkling altar of Nemelex Xobeh.
  6180 | D:7      | Found a sacrificial altar of Ru.
  6182 | D:7      | Found a bloodstained altar of Trog.
  6182 | D:7      | Found an opulent altar of Gozag.
  6183 | D:7      | Found a shattered altar of Ashenzari.
  6320 | D:8      | Found a shadowy altar of Dithmenos.
  6356 | D:8      | You fall through a shaft for 3 floors!
  6362 | D:11     | Reached XP level 10. HP: 64/64 MP: 10/10
  6369 | D:11     | Reached ***** piety under Trog
  6469 | D:11     | Noticed a brown ugly thing
  6479 | D:11     | Killed a brown ugly thing
  6485 | D:11     | HP: 2/65 [something (2)]
  6486 | D:11     | Slain by a porcupine

Skill      XL: |  1  2  3  4  5  6  7  8  9 10 |
---------------+-------------------------------+-----
Axes           | 3 4 5 6 7 |  7.3
Dodging        | 2 3 4 5 6 |  6.3
Armour         | 3 4 5 6 7 8 |  8.3
Fighting       | 4 5 6 8 |  8.7

Action                   |  1- 3 |  4- 6 |  7- 9 | 10-12 || total
-------------------------+-------+-------+-------+-------++-------
Melee: Hand axe          |    83 |   251 |   249 |       ||   583
       War axe           |       |       |   175 |    42 ||   217
Invok: Berserk           |       |     1 |     2 |       ||     3
       Trog's Hand       |       |     1 |       |       ||     1
       Brothers in Arms  |       |       |       |     1 ||     1
  Use: Scroll            |     2 |     3 |     7 |       ||    12
       Potion            |       |       |       |     1 ||     1
 Stab: Sleeping          |     1 |       |       |       ||     1
  Eat: Chunk             |       |     9 |    13 |       ||    22
Armor: Animal skin       |    27 |     6 |       |       ||    33
       Chain mail        |       |   146 |   301 |    78 ||   525
Dodge: Dodged            |    73 |   117 |   242 |    36 ||   468
